 Dungeon Crawl Stone Soup version 0.31-a0-188-g5e087ee2ca (webtiles) character file.

Game seed: 592407818947010238

83 qw the Shooter (level 4, -2/25 HPs)
             Began as a Deep Elf Hunter on June 22, 2023.
             Slain by a hobgoblin (6 damage)
             ... led by Robin
             ... on level 3 of the Dungeon.
             The game lasted 00:00:44 (1686 turns).

qw the Shooter (Deep Elf Hunter)                    Turns: 1686, Time: 00:00:45

Health: -2/25      AC:  7    Str: 10    XL:     4   Next: 22%
Magic:  6/6        EV: 11    Int: 14    God:
Gold:   91         SH:  0    Dex: 18    Spells: 3/3 levels left

rFire   + . .        Y - +0 shortbow
rCold   . . .        (shield currently unavailable)
rNeg    . . .        i - +0 ring mail
rPois   .            g - +0 helmet
rElec   .            (no cloak)
rCorr   .            h - +0 pair of gloves
SInv    .            (no boots)
Will    .....        b - amulet of the acrobat
Stlth   +            d - ring of protection from fire
HPRegen 0.24/turn    (no ring)
MPRegen 0.10/turn

%: acrobat
@: no status effects
A: no striking features
a: no special abilities


You were on level 3 of the Dungeon.
You visited 1 branch of the dungeon, and saw 3 of its levels.

You collected 91 gold pieces.


   Skills:
 - Level 1.5 Fighting
 + Level 7.6 Ranged Weapons
 - Level 2.4 Dodging
 - Level 1.2 Stealth


You had 3 spell levels left.
You didn't know any spells.
Your spell library was empty.

Inventory:

Hand Weapons
 Y - a +0 shortbow (weapon)
Armour
 g - a +0 helmet (worn)
 h - a +0 pair of gloves (worn)
 i - a +0 ring mail (worn)
Jewellery
 b - an amulet of the acrobat (around neck)
 d - a ring of protection from fire (left hand)
Scrolls
 a - 2 scrolls of identify
Potions
 f - 3 potions of might
 k - a potion of enlightenment
 l - a potion of curing {unknown}
 n - a potion of degeneration {unknown}

Dungeon Overview and Level Annotations

Branches:
Dungeon (3/15)

Altars:

Annotations:
D:3 Robin


Message History

You hear a shout! x2
You shoot an arrow. The arrow closely misses the goblin.
A hobgoblin comes into view.
Robin throws the goblin at you!
You shoot an arrow. The arrow closely misses the goblin.
The goblin hits you but does no damage. The goblin hits you with a +3 dagger.
A hobgoblin comes into view. x2
You shoot an arrow. The arrow barely misses the goblin.
The goblin hits you but does no damage. The goblin hits you with a +3 dagger.
A goblin comes into view. It is wielding a +0 dagger.
You shoot an arrow. The arrow misses the goblin.
The goblin hits you with a +0 club.
A goblin comes into view. It is wielding a +0 dagger.
The goblin closely misses you.
A hobgoblin comes into view.
The goblin barely misses you. The goblin misses you.
The hobgoblin moves out of view.
You shoot an arrow.
The arrow hits the goblin but does no damage.
The goblin misses you. The goblin barely misses you.
You shoot an arrow. The arrow hits the goblin!
You kill the goblin!
The goblin hits you with a +3 dagger.
You shoot an arrow. The arrow hits the hobgoblin.
The hobgoblin is lightly wounded.
The hobgoblin misses you. The goblin hits you with a +3 dagger!
You shoot an arrow.
The arrow hits the hobgoblin but does no damage.
The hobgoblin is lightly wounded.
The hobgoblin closely misses you. The goblin closely misses you.
You shoot an arrow. The arrow barely misses the hobgoblin.
The goblin hits you but does no damage. The hobgoblin hits you.
The goblin hits you but does no damage. The hobgoblin barely misses you.
You shoot an arrow. The arrow barely misses the hobgoblin.
The hobgoblin no longer looks unusually strong.
The hobgoblin closely misses you. The goblin barely misses you.
You shoot an arrow. The arrow hits the hobgoblin.
The hobgoblin is moderately wounded.
The hobgoblin hits you.
You die...

## ### .. .>. g#
#.#### g# #.##.# g#
#.##.# g#
#########.##.####g####
................@g...#
..####.##.##..########
#.. #.##.##..#
#.###.##.##..#
#..##.##.##..#
##.##.##.##...
#.##.##.##..##
#.##.##.##..#
#...........


You could see 3 hobgoblins and 3 goblins.

Vanquished Creatures
  2 adders
  3 dart slugs
  2 worms
  3 ball pythons (D:1)
  4 endoplasms
  4 giant cockroaches
  6 goblins
  A hobgoblin (D:2)
  5 jackals
  3 kobolds
  5 quokkas
  3 bats
  3 frilled lizards
  6 rats
50 creatures vanquished.

Notes
Turn   | Place    | Note
-------+----------+-------------------------------------------
     0 | D:1      | qw the Deep Elf Hunter began the quest for the Orb.
     0 | D:1      | Reached XP level 1. HP: 12/12 MP: 3/3
     0 | D:1      | 0 ||| qw: Version: 0.3-a-9-g12657ce
     0 | D:1      | 0 ||| qw: Game counter: 2922
     0 | D:1      | 0 ||| qw: Always use a shield: true
     0 | D:1      | 0 ||| qw: God list: Okawaru
     0 | D:1      | 0 ||| qw: Allow faded altars: false
     0 | D:1      | 0 ||| qw: Do Orc after D:15 true
     0 | D:1      | 0 ||| qw: Do second Lair branch before Depths: true
     0 | D:1      | 0 ||| qw: Lair rune preference: random
     0 | D:1      | 0 ||| qw: Plans: Normal
     0 | D:1      | 0 ||| PLANNING D:1-11
   245 | D:1      | Reached skill level 6 in Ranged Weapons
   245 | D:1      | Reached XP level 2. HP: 16/16 MP: 4/4
   858 | D:1      | 858 ||| UPGRADING to +0 scale mail.
   868 | D:1      | 868 ||| DROPPING +0 leather armour.
   869 | D:1      | 869 ||| UPGRADING to +0 helmet.
   874 | D:1      | 874 ||| UPGRADING to +0 ring mail.
   884 | D:1      | 884 ||| DROPPING +0 scale mail.
   885 | D:1      | 885 ||| UPGRADING to ring of protection from fire.
   886 | D:1      | 886 ||| READING 2 scrolls labelled CEC ETSIREIDUV.
   887 | D:1      | 887 ||| READING scroll labelled OVODWI FIZEUPP.
   888 | D:1      | 888 ||| DRINKING 4 puce potions.
   889 | D:1      | 889 ||| DROPPING scroll of butterflies.
   923 | D:2      | Reached XP level 3. HP: 18/20 MP: 5/5
   923 | D:2      | 923 ||| STAIRDANCE
  1008 | D:2      | Reached skill level 7 in Ranged Weapons
  1117 | D:2      | Identified the +0 plate armour of Light {Dex+4}
  1260 | D:2      | Found a faded altar of an unknown god.
  1333 | D:2      | Reached XP level 4. HP: 25/25 MP: 6/6
  1473 | D:2      | 1473 ||| UPGRADING to +0 pair of gloves.
  1478 | D:2      | 1478 ||| UPGRADING to amulet of the acrobat.
  1483 | D:2      | 1483 ||| READING scroll labelled CUBREOR PUYHA.
  1487 | D:2      | 1487 ||| READING scroll labelled ANEUCV ZIDE.
  1488 | D:2      | 1488 ||| READING scroll labelled COUMPI ECAAT.
  1489 | D:2      | 1489 ||| READING scroll labelled NIPHAACKAE.
  1490 | D:2      | 1490 ||| READING 2 scrolls of identify.
  1490 | D:2      | 1490 ||| IDENTIFYING glowing dark potion
  1492 | D:2      | 1492 ||| Stepping ~*~*~tactically~*~*~ (cloud).
  1675 | D:3      | Noticed Robin
  1682 | D:3      | HP: 5/25 [goblin/+3 dagger[Robin] (8)]
  1686 | D:3      | Slain by a hobgoblin

Levels and vault maps discovered:
D:1:      heliophobic_arrival_dark_side_of_the_moon, layout_basic
D:2:      layout_rooms, hellmonk_ecumenical_altar_arch_garden, kennysheep_path_1
D:3:      layout_basic, lemuel_round_altar, nicolae_ru_sacrificial_ziggurat,
          nicolae_yredelemnul_corpse_copse, uniq_robin

Skill      XL: |  1  2  3 |
---------------+----------+-----
Ranged Weapons | 6 7 |  7.6
Fighting       | |  1.5
Dodging        | |  2.4
Stealth        | |  1.2

Action                     |  1- 3 |  4- 6 || total
---------------------------+-------+-------++-------
   Fire: Shortbow          |    96 |    38 ||   134
    Use: Scroll            |     2 |     5 ||     7
         Potion            |     1 |       ||     1
 Armour: Leather armour    |     3 |       ||     3
         Ring mail         |    10 |     7 ||    17
  Dodge: Dodged            |    33 |    17 ||    50

Table legend:
 A = Non-vault XP
 B = Vault XP
 C = Vault XP percentage of total XP
 D = Non-vault monster count
 E = Vault monster count
 F = Vault count percentage of total count
                 A         B        C        D         E       F
            +---------+---------+-------+---------+---------+-------
      Total |     117 |       2 |   1.7 |      49 |       1 |   2.0
            +---------+---------+-------+---------+---------+-------
        D:1 |      56 |       0 |   0.0 |      24 |       0 |   0.0
        D:2 |      55 |       0 |   0.0 |      24 |       0 |   0.0
        D:3 |       6 |       2 |  25.0 |       1 |       1 |  50.0
            +---------+---------+-------+---------+---------+-------
